 Dungeon Crawl Stone Soup version 0.27-a0-333-gfa571bf19a (webtiles) character file.

Game seed: 8146479108237482936

27 inc the Caller (level 2, 0/11 HPs)
             Began as a Felid Summoner on Feb 12, 2021.
             Slain by a quokka (2 damage)
             ... on level 2 of the Dungeon.
             The game lasted 00:02:06 (1596 turns).

inc the Caller (Felid Summoner)                     Turns: 1596, Time: 00:02:07

Health: 0/11       AC:  1    Str:  4    XL:     2   Next: 93%
Magic:  4/6        EV: 18    Int: 16    God:
Gold:   73         SH:  0    Dex: 16    Spells: 4/5 levels left
                                        Lives:  0   Deaths: 0

rFire    . . .     SeeInvis +   (weapon unavailable)
rCold    . . .     Faith    .   (shield unavailable)
rNeg     . . .     Spirit   .   (armour unavailable)
rPois    .         Reflect  .   (helmet unavailable)
rElec    .         Harm     .   (cloak unavailable)
rCorr    .         Rampage  .   (gloves unavailable)
Will     .....                  (boots unavailable)
Stlth    +++.......             (no amulet)
HPRegen  0.03/turn              (no ring)
MPRegen  0.10/turn              (no ring)

@: quick
A: very small, no armour, no weapons or thrown items, stealth, claws 1, fangs 3,
see invisible, speed 1, shaggy fur 1, sharp paws
a: no special abilities


You were on level 2 of the Dungeon.
You visited 1 branch of the dungeon, and saw 2 of its levels.

You collected 73 gold pieces.

Inventory:

Scrolls
 a - a scroll of immolation {unknown}
Potions
 b - 2 potions of curing {unknown}
 c - a potion of haste {unknown}
 d - a potion of cancellation {unknown}


   Skills:
 - Level 2.6 Dodging
 - Level 2.6 Stealth
 - Level 2.0 Spellcasting
 + Level 5.0 Summonings


You had 4 spell levels left.
You knew the following spells:

 Your Spells              Type           Power        Failure   Level
a - Summon Small Mammal   Summ           68%          2%          1

Your spell library contained the following spells:

 Spells                   Type           Power        Failure   Level
 Call Imp                 Summ           17%          4%          2
 Call Canine Familiar     Summ           17%          8%          3
 Summon Guardian Golem    Hex/Summ       9%           22%         3
 Summon Ice Beast         Ice/Summ       9%           58%         4
 Summon Lightning Spire   Summ/Air       9%           58%         4


Dungeon Overview and Level Annotations

Branches:
Dungeon (2/15)

Altars:
Elyvilon


Innate Abilities, Weirdness & Mutations

You cannot wear armour.
You are incapable of wielding weapons or throwing items.
Your paws allow you to move quietly. (Stealth)
You have sharp claws.
You have razor-sharp teeth.
You have supernaturally acute eyesight. (SInv)
You cover ground quickly.
You are covered in fur. (AC +1)
Your sharp claws are effective at attacking unaware monsters.


Message History

The quokka completely misses you.
You scratch the quokka but do no damage.
The quokka is lightly wounded.
Your bat hits the quokka but does no damage.
Your bat barely misses the quokka. x2; The quokka bites you.
You scratch the quokka.
The quokka is moderately wounded.
Your bat hits the quokka but does no damage.
The quokka bites you.
* * * LOW HITPOINT WARNING * * *
You miss the quokka.
The quokka is moderately wounded.
The quokka completely misses you.
Your bat closely misses the quokka.
The quokka barely misses you.
Your bat hits the quokka.
An adder comes into view.
Your bat barely misses the quokka. x2
Your bat hits the quokka.
The adder hisses angrily.
The quokka closely misses your bat.
Your bat hits the quokka but does no damage.
The quokka closely misses your bat.
Your bat misses the quokka.
Your bat barely misses the quokka.
The quokka closely misses your bat.
You swap places.
Your bat hits the quokka but does no damage.
Your bat closely misses the quokka.
The adder barely misses your bat. The quokka misses your bat.
Your bat barely misses the quokka.
The adder bites your bat but does no damage.
Your bat barely misses the quokka.
The quokka bites your bat.
Your bat dies!
Your bat's corpse disappears in a puff of smoke!
Casting: Summon Small Mammal (safe; 2% risk of failure)
Confirm with . or Enter, or press ? or * to list all spells.
The quokka closely misses you.
Casting: Summon Small Mammal (safe; 2% risk of failure)
Confirm with . or Enter, or press ? or * to list all spells.
The adder closely misses your rat. The quokka bites you.
You die...

#..........†....####
##.............##
##.....#.....##
##...######## #.### #.
###.# #.# #...#########
#.# ######.#.#r.......
#.# #......#.#@#
#.###.######.#r#
#.##..######.Sr####.#
#.#..###...S...[....#
###...###...###.####....
#....##≈≈...≈≈#.# ..
..#.###≈..♣..≈#.#
###.##..........# #
#.#...♣._.♣...#


You could see an adder, a quokka (ally target), a friendly quokka (summoned) and
a friendly rat (summoned).

Vanquished Creatures
  A dart slug (D:1)
  A leopard gecko (D:1)
  2 giant cockroaches (D:1)
  A kobold (D:1)
  A ball python (D:1)
  2 bats (D:1)
  2 frilled lizards
  A goblin (D:1)
  2 rats (D:1)
13 creatures vanquished.

Vanquished Creatures (collateral kills)
  2 goblins (D:1)
  2 hobgoblins (D:1)
  2 jackals (D:1)
  A bat (D:1)
  4 kobolds (D:1)
  6 rats
17 creatures vanquished.

Grand Total: 30 creatures vanquished

Notes
Turn   | Place    | Note
-------+----------+-------------------------------------------
     0 | D:1      | inc the Felid Summoner began the quest for the Orb.
     0 | D:1      | Reached XP level 1. HP: 7/7 MP: 4/4
   443 | D:1      | Reached XP level 2. HP: 11/11 MP: 0/6
  1488 | D:2      | Reached skill level 5 in Summonings
  1553 | D:2      | Found a white marble altar of Elyvilon.
  1596 | D:2      | Slain by a quokka

Illustrated notes

Levels and vault maps discovered:
D:1:      minmay_arrival_checkered_box, layout_loops_ring, st_stairs_8
D:2:      layout_rooms, elyvilon_altar_4

Skill      XL: |  1  2 |
---------------+-------+-----
Summonings     | 5 |  5.0
Dodging        | |  2.6
Stealth        | |  2.6
Spellcasting   | |  2.0

Action                   || total
-------------------------++-------
Melee: Unarmed           ||    59
       Bite              ||     5
 Cast: Summon Small Mamm ||    47
 Stab: Sleeping          ||     2
Armor: Skin              ||     5
Dodge: Dodged            ||    82

Table legend: (Time is in decaauts)
 A = Elapsed time spent in this place.
 B = Non-inter-level travel time spent in this place.
 C = Inter-level travel time spent in this place.
 D = Time resting spent in this place.
 E = Time spent auto-exploring this place.
 F = Levels seen in this place.
 G = Mean time per level.
                   A        B        C        D        E       F      G
               +--------+--------+--------+--------+--------+-----+--------+
         Total |   1451 |   1436 |     15 |    330 |    824 |   2 |  725.5 |
       Dungeon |   1451 |   1436 |     15 |    330 |    824 |   2 |  725.5 |
               +--------+--------+--------+--------+--------+-----+--------+

Top non-repeatable levels by time:
     D:1: 1346 daAuts
     D:2: 105 daAuts
